 Dungeon Crawl Stone Soup version 0.30-a0-586-g23e55c9e0a (webtiles) character file.

Game seed: 6542059814465177070

532838 drugrobin the Acrobat (level 23, -1/200 (225) HPs)
             Began as a Demigod Delver on Jan 3, 2023.
             Killed from afar by a hellion (34 damage)
             ... with damnation
             ... on level 2 of Gehenna.
             The game lasted 05:37:29 (63018 turns).

drugrobin the Acrobat (Demigod Delver)             Turns: 63018, Time: 05:37:30

HP:   -1/200 (225)  AC: 24    Str: 27    XL:     23   Next: 36%
MP:   40/40         EV: 38    Int: 35    God:
Gold: 4422          SH:  8    Dex: 35    Spells: 21/38 levels left

rFire   + + +      SeeInvis +    a - +7 demon blade "Conservator" {flame, rF+}
rCold   . . .      Faith    .    P - +0 buckler {rF+}
rNeg    . . .      Spirit   .    A - +7 chain mail of the Lachrymose God {Will+ Int+3}
rPois   .          Reflect  .    I - +2 hat {Stlth+}
rElec   .          Harm     .    O - +2 cloak
rCorr   +          Rampage  .    J - +0 pair of gloves of Beogh's Reproof {Regen+ Str+7 Int-2 Stlth+}
Will    +++..      Rage     3%   Y - +1 pair of boots {Fly}
Stlth   +++                      G - amulet "Remy" {Regen+ Str+3 Int+4}
HPRegen 2.13/turn                d - ring "Biudemol" {rF+ Dex+4 SInv}
MPRegen 0.27/turn                L - ring of Moderation {rCorr Int+6 Dex+4 Stlth-}

@: on berserk cooldown, flying, slowed, studying Summonings, heavily drained,
unable to read, very slow
A: high MP 1, forlorn, divine attributes, antennae 1, berserk 1, deformed body,
deterioration 1, inability to read after injury 1, sturdy frame 1
}: 3/15 runes: decaying, slimy, gossamer
a: no special abilities


You were on level 2 of Gehenna.
You visited 11 branches of the dungeon, and saw 49 of its levels.
You visited the Abyss 4 times.
You visited 1 bazaar.
You also visited: Sewer, Bailey and Wizlab.

You collected 6948 gold pieces.
You spent 2526 gold pieces at shops.

Inventory:

Hand Weapons
 a - the +7 demon blade "Conservator" (weapon) {flame, rF+}
   (You acquired it on level 2 of the Orcish Mines)

   It burns those it strikes, dealing additional fire damage.
   Big, fiery blades are also staple armaments of hydra-hunters.
   rF:        It protects you from fire.
 b - the +10 sling of Firphaho {elec, Int+9 Dex-3}
   (You found it on level 13 of the Dungeon)

   Any ammunition fired from it occasionally discharges a powerful burst of
   electricity upon striking a foe.
   Int:       It affects your intelligence (+9).
   Dex:       It affects your dexterity (-3).
 R - a +4 demon blade
 Z - the +5 double sword of the Endless March {antimagic, rF+ rC+}
   (You found it on level 5 of the Pits of Slime)

   It reduces the magical energy of the wielder, and disrupts the spells and
   magical abilities of those it strikes.
   Natural abilities and divine invocations are not affected.
   rF:        It protects you from fire.
   rC:        It protects you from cold.
Missiles
 C - 6 boomerangs (quivered)
 X - 8 curare-tipped darts
Armour
 v - +0 ice dragon scales
 A - the +7 chain mail of the Lachrymose God (worn) {Will+ Int+3}
   (You found it on level 2 of the Dungeon)

   Int:       It affects your intelligence (+3).
   Will:      It increases your willpower.
 I - a +2 hat of stealth (worn)
 J - the +0 pair of gloves of Beogh's Reproof (worn) {Regen+ Str+7 Int-2 Stlth+}
   (You bought it in a shop in a bazaar)

   Str:       It affects your strength (+7).
   Int:       It affects your intelligence (-2).
   Regen:     It increases your rate of health regeneration.
   Stlth:     It makes you more stealthy.
 O - a +2 cloak (worn)
 P - a +0 buckler of fire resistance (worn)
 Y - a +1 pair of boots of flying (worn)
Jewellery
 d - the ring "Biudemol" (left hand) {rF+ Dex+4 SInv}
   (You found it on level 12 of the Dungeon)

   [ring of see invisible]

   Dex:       It affects your dexterity (+4).
   rF:        It protects you from fire.
   SInv:      It lets you see invisible.
 j - the ring of Jezadghig {rPois rCorr Slay+2}
   (You acquired it on level 2 of the Depths)

   [ring of resist corrosion]

   Slay:      It affects your accuracy & damage with ranged weapons and melee
   (+2).
   rPois:     It protects you from poison.
   rCorr:     It protects you from acid and corrosion.
 m - a ring of wizardry
 u - the ring of Kethry {rC+ rCorr Str+4}
   (You found it on level 5 of the Pits of Slime)

   [ring of protection from cold]

   Str:       It affects your strength (+4).
   rC:        It protects you from cold.
   rCorr:     It protects you from acid and corrosion.
 D - the ring "Cafop" {rElec rC+ rN+ Will+ Str-5 Int+3}
   (You found it in a wizard's laboratory)

   [ring of protection from cold]

   Str:       It affects your strength (-5).
   Int:       It affects your intelligence (+3).
   rC:        It protects you from cold.
   rElec:     It insulates you from electricity.
   rN:        It protects you from negative energy.
   Will:      It increases your willpower.
 G - the amulet "Remy" (around neck) {Regen+ Str+3 Int+4}
   (You found it in a wizard's laboratory)

   [amulet of regeneration]

   Str:       It affects your strength (+3).
   Int:       It affects your intelligence (+4).
   Regen:     It increases your rate of health regeneration.
 L - the ring of Moderation (right hand) {rCorr Int+6 Dex+4 Stlth-}
   (You took it off a deep elf demonologist on level 3 of the Elven Halls)

   [ring of intelligence]

   Int:       It affects your intelligence (+6).
   Dex:       It affects your dexterity (+4).
   rCorr:     It protects you from acid and corrosion.
   Stlth:     It makes you less stealthy.
Wands
 g - a wand of digging (11)
 n - a wand of light (45)
 S - a wand of roots (15)
Scrolls
 f - 6 scrolls of magic mapping
 h - 8 scrolls of vulnerability
 k - 6 scrolls of silence
 q - 4 scrolls of blinking
 x - 28 scrolls of teleportation
 y - 7 scrolls of immolation
 H - 10 scrolls of fog
 M - 2 scrolls of summoning
 Q - 9 scrolls of poison
Potions
 e - 4 potions of flight
 i - 6 potions of berserk rage
 l - 12 potions of heal wounds
 o - 9 potions of lignification
 p - 8 potions of ambrosia
 r - 5 potions of resistance
 s - 14 potions of attraction
 t - 28 potions of curing
 w - 5 potions of invisibility
 K - 6 potions of might
 N - 8 potions of cancellation
 T - 2 potions of haste
Miscellaneous
 c - a phantom mirror
 z - a condenser vane
 B - a lightning rod (4/4)
 E - the horn of Geryon
 F - a tin of tremorstones (2/2)
 U - a phial of floods
 V - a box of beasts


   Skills:
 - Level 22.9 Fighting
 + Level 16.5 Long Blades
 - Level 12.0 Armour
 - Level 26.0 Dodging
 - Level 4.5 Stealth
 - Level 5.0 Shields
 - Level 8.0 Spellcasting
 - Level 8.0 Evocations


You had 21 spell levels left.
You knew the following spells:

 Your Spells              Type           Power      Damage    Failure   Level
a - Blink                 Tloc           28%        N/A       17%         2
b - Apportation           Tloc           28%        N/A       11%         1
c - Wereblood             Tmut           14%        N/A       17%         2
d - Mephitic Cloud        Conj/Pois/Air  14%        N/A       32%         3
e - Summon Small Mammal   Summ           56%        N/A       11%         1
f - Call Imp              Summ           14%        N/A       17%         2
g - Call Canine Familiar  Summ           14%        N/A       32%         3
h - Kindle Blastsparks    Fire/Tloc/Air  28%        2d12      32%         3

Your spell library contained the following spells:

 Spells                   Type           Power      Damage    Failure   Level
 Foxfire                  Conj/Fire      56%        2x1d6     11%         1
 Kiss of Death            Conj/Necr      56%        2d9       11%         1
 Magic Dart               Conj           56%        1d5       11%         1
 Necrotise                Necr           56%        1d6       11%         1
 Sandblast                Erth           28%        2d8       11%         1
 Shock                    Conj/Air       56%        1d6       11%         1
 Slow                     Hex            56%        N/A       11%         1
 Sting                    Tmut/Pois      56%        1d5       11%         1
 Cigotuvi's Dreadful Rot  Necr/Pois/Air  28%        N/A       17%         2
 Ensorcelled Hibernation  Hex/Ice        28%        N/A       17%         2
 Momentum Strike          Conj/Tloc      28%        3d8       17%         2
 Passwall                 Tmut/Erth      11%        N/A       17%         2
 Poisonous Vapours        Pois/Air       28%        N/A       17%         2
 Searing Ray              Conj           28%        2d5       17%         2
 Sublimation of Blood     Necr           14%        N/A       17%         2
 Confusing Touch          Hex            14%        N/A       32%         3
 Dazzling Flash           Conj/Hex       28%        N/A       32%         3
 Frozen Ramparts          Ice            28%        1d5       32%         3
 Gell's Gravitas          Tloc           14%        N/A       32%         3
 Hailstorm                Conj/Ice       14%        3d5       32%         3
 Ignite Poison            Fire/Tmut/Pois 14%        N/A       32%         3
 Inner Flame              Hex/Fire       14%        N/A       32%         3
 Lesser Beckoning         Tloc           28%        N/A       32%         3
 Portal Projectile        Hex/Tloc       28%        N/A       32%         3
 Spider Form              Tmut/Pois      14%        N/A       32%         3
 Stone Arrow              Conj/Erth      28%        3d8       32%         3
 Summon Guardian Golem    Hex/Summ       14%        N/A       32%         3
 Swiftness                Air            14%        N/A       32%         3
 Teleport Other           Tloc           14%        N/A       32%         3
 Tukima's Dance           Hex            14%        N/A       32%         3
 Vampiric Draining        Necr           14%        2d7       32%         3
 Airstrike                Air            7%         2d(1-17)  73%         4
 Anguish                  Hex/Necr       7%         N/A       73%         4
 Cause Fear               Hex            7%         N/A       73%         4
 Dispel Undead            Necr           14%        3d10      73%         4
 Fulminant Prism          Conj/Hex       7%         3d7       73%         4
 Ice Form                 Ice/Tmut       14%        N/A       73%         4
 Iskenderun's Mystic Bla  Conj/Tloc      14%        2d5       73%         4
 Leda's Liquefaction      Hex/Erth       7%         N/A       73%         4
 Manifold Assault         Tloc           14%        N/A       73%         4
 Olgreb's Toxic Radiance  Pois           14%        N/A       73%         4
 Passage of Golubria      Tloc           14%        N/A       73%         4
 Petrify                  Tmut/Erth      14%        N/A       73%         4
 Sticky Flame             Conj/Fire      14%        2d4       73%         4
 Summon Ice Beast         Ice/Summ       14%        N/A       73%         4
 Summon Lightning Spire   Summ/Air       14%        N/A       73%         4
 Agony                    Necr           14%        N/A       97%         5
 Alistair's Intoxication  Tmut/Pois      9%         N/A       97%         5
 Blade Hands              Tmut           7%         N/A       97%         5
 Fireball                 Conj/Fire      7%         3d5       97%         5
 Freezing Cloud           Conj/Ice/Air   7%         6-21      97%         5
 Lightning Bolt           Conj/Air       7%         1d19      97%         5
 Metabolic Englaciation   Hex/Ice        7%         N/A       97%         5
 Silence                  Hex/Air        7%         N/A       97%         5
 Summon Mana Viper        Hex/Summ       14%        N/A       97%         5
 Yara's Violent Unravell  Hex/Tmut       7%         3d5       97%         5
 Dispersal                Tloc           7%         N/A       100%        6
 Simulacrum               Ice/Necr       7%         N/A       100%        6
 Starburst                Conj/Fire      7%         6d4       100%        6
 Statue Form              Tmut/Erth      9%         N/A       100%        6
 Summon Cactus Giant      Summ           7%         N/A       100%        6
 Enfeeble                 Hex            7%         N/A       100%        7
 Haunt                    Necr/Summ      7%         N/A       100%        7
 Malign Gateway           Summ/Tloc      7%         N/A       100%        7
 Monstrous Menagerie      Summ           7%         N/A       100%        7
 Orb of Destruction       Conj           7%         9d6       100%        7
 Spellforged Servitor     Conj/Summ      7%         N/A       100%        7
 Summon Hydra             Summ           7%         N/A       100%        7
 Discord                  Hex            7%         N/A       100%        8
 Disjunction              Tloc           7%         N/A       100%        8
 Lehudib's Crystal Spear  Conj/Erth      7%         10d3      100%        8
 Maxwell's Capacitive Co  Air            7%         ∞         100%        8
 Necromutation            Tmut/Necr      7%         N/A       100%        8
 Chain Lightning          Conj/Air       7%         3d9       100%        9
 Fire Storm               Conj/Fire      7%         8d2       100%        9
 Shatter                  Erth           7%         3d9*      100%        9


Dungeon Overview and Level Annotations

Branches:
Dungeon (15/15)            Temple (0/1) D:5            Lair (5/5) D:8
  Swamp (4/4) Lair:2       Spider (4/4) Lair:2        Slime (5/5) Lair:5
    Orc (2/2) D:12            Elf (3/3) Orc:2        Vaults (4/5) D:14
  Crypt (0/3) Vaults:2     Depths (4/4) D:15           Hell (visited)
    Geh (1/7) Hell            Coc (0/7) Hell            Tar (0/7) Hell
    Zot (0/5) Depths:4      Sewer (visited)          Bailey (visited)
 WizLab (visited)
    Dis: Hell:1

Shops:
D:1 =   D:3 [   D:5 :   Orc:2 :?(*   Elf:2 !   Elf:3 ??:   Vaults:1 [(:
Vaults:4 (

Portals:
Hell: Depths:1 Depths:3 Depths:4
Abyss: Lair:5 Depths:1 Depths:2 Depths:3 Depths:4
Pandemonium: Depths:2
Ziggurat: Depths:4
Trove: D:11 (show abyssal rune of Zot)

Annotations:
Lair:3 3 runed translucent doors, Zuegunnahai's ghost, journeyman AtFi
Swamp:1 2 transporters, exclusion: tentacled monstrosity, drugrobin's ghost, journeyman DgDe
Spider:1 1 runed translucent door, Zicym's ghost, adept MeFi
Spider:2 2 transporters
Spider:4 2 transporters, Asterion; Pesouf's ghost, adept MfHs
Elf:3 1 exclusion
Depths:2 exclusion: 2 doors
Depths:4 1 runed translucent door, experimilk's ghost, veteran DrCj


Innate Abilities, Weirdness & Mutations

You have an increased reservoir of magic. (+10% MP)
You shall have no god before yourself.
Your divine heritage dramatically boosts your attributes as you level up.
You have a pair of small antennae on your head.
You sometimes lose your temper in combat.
Armour fits poorly on your strangely shaped body.
Your body sometimes deteriorates upon taking damage.
You occasionally lose the ability to read scrolls when taking damage.
Your movements are slightly less encumbered by armour. (ER -2)


Message History

You are on fire!
Unknown command.
Unknown command.
Unknown command.
You are covered in liquid flames!
You are no longer on fire.
Things that are here:
a +0 demon whip of freezing; a +1 demon whip of pain Unknown command.
Unknown command.
Unknown command.
A hellion comes into view.
You barely miss the hellion. The hellion gestures at you.
The sphere of damnation explodes!
The damnation engulfs you!!
* * * LOW HITPOINT WARNING * * *
The damnation engulfs the hellion.
The hellion completely resists.
Unknown command.
Unknown command.
Unknown command.
Unknown command.
You barely miss the hellion. You block the hellion's attack.
Unknown command.
Unknown command.
Unknown command.
You hit the hellion. You burn the hellion.
The hellion is lightly wounded.
The hellion gestures at you.
The sphere of damnation explodes!
The damnation engulfs you!!
* * * LOW HITPOINT WARNING * * *
The damnation engulfs the hellion.
The hellion completely resists.
Unknown command.
Unknown command.
Unknown command.
Unknown command.
You slash the hellion! You burn the hellion.
The hellion is moderately wounded.
The hellion gestures at you.
The sphere of damnation explodes!
The damnation engulfs you!!
You die...

##...≈≈§.
###....≈≈..
##..........
#....#......
#...## .....
##..# ##..
##.## .
#...#
#..@### .
##2##.##....
#..'..2'....
##.##.##....
##. '# . .
.. .....
......
....^..


You could see a hellion.

Vanquished Creatures
  the Royal Jelly (Slime:5)
  2 juggernauts
  8 caustic shrikes (Depths:4)
  Hellbinder (WizLab)
  2 golden dragons
  Geryon (Hell)
  3 bone dragons
  Jory (Vaults:3)
  3 tentacled monstrosities
  Jorgrun (D:14)
  Rupert (D:14)
  2 liches (Abyss:2)
  2 deep elf blademasters (Elf:3)
  A walking earthen tome (Depths:1)
  11 acid blobs
  2 deep elf master archers (Elf:3)
  2 sphinxes
  4 ancient champions (Hell)
  A quicksilver dragon (Abyss:2)
  9 tentacled starspawn (Abyss:2)
  4 storm dragons
  2 thorn hunters (Swamp:4)
  2 shadow dragons
  Agnes (Spider:3)
  A tengu reaver (Depths:3)
  Gastronok (Lair:2)
  A draconian knight (Depths:4)
  A revenant (Abyss:2)
  5 fire giants
  2 draconian monks
  3 deep elf sorcerers (Elf:3)
  10 rockslimes
  4 frost giants
  2 emperor scorpions (Spider:3)
  13 vault wardens
  10 azure jellies
  2 balrugs (Geh:2)
  Aizul (Elf:2)
  An iron dragon (Depths:3)
  A draconian shifter (Depths:4)
  6 ghost moths
  A caustic shrike zombie (Abyss:2)
  7 deep elf elementalists (Elf:3)
  19 ironbound preservers
  2 spriggan defenders
  2 war gargoyles
  3 cacodemons
  2 orc warlords
  10 quicksilver oozes
  5 broodmothers
  5 very ugly things
  A demonspawn blood saint (WizLab)
  3 juggernaut skeletons
  9 ironbound thunderhulks
  4 vampire knights
  3 reapers
  10 stone giants
  The ghost of sirJeffrey23 the Brawler, a journeyman TrMo of the Shining One (D:15)
  11 eleionomae
  5 deep elf demonologists
  Nessos (D:15)
  2 lorocyprocas
  4 deep elf annihilators (Elf:3)
  Azrael (D:15)
  6 dire elephants
  2 purple draconians (Depths:4)
  6 spark wasps
  A red draconian (Depths:4)
  5 bunyips
  3 yellow draconians (Depths:4)
  An eidolon (Abyss:2)
  6 ettins
  5 deep elf death magi (Elf:3)
  4 green deaths
  8 fire dragons
  5 blizzard demons
  3 crystal guardians
  8 yaktaur captains
  2 deep elf high priests (Elf:3)
  6 entropy weavers
  Josephine (D:15)
  3 shambling mangroves
  18 vault guards
  6 great orbs of eyes
  20 hydras
  3 rakshasas (Depths:1)
  A quicksilver dragon skeleton (Abyss:2)
  A caustic shrike simulacrum (Abyss:2)
  A hell beast (WizLab)
  8 ironbound frosthearts
  2 peacekeepers
  14 ice dragons
  7 spriggan air magi
  2 ghost crabs
  A boulder beetle (shapeshifter) (Depths:2)
  A stoker (Geh:2)
  2 radroaches
  31 dancing weapons
  2 two-headed ogres
  3 merfolk avatars (Swamp:3)
  10 alligators
  8 deep troll shamans
  4 jorogumos
  3 boulder beetles
  8 centaur warriors
  2 vampire magi
  2 death knights (Vaults:2)
  5 deep troll earth magi
  6 hell hogs (Abyss:2)
  5 tengu warriors
  4 orc high priests
  8 thrashing horrors
  A shock serpent (shapeshifter) (Elf:3)
  Nergalle (Orc:1)
  Urug (Lair:5)
  12 spriggan berserkers
  6 sun demons
  9 soul eaters
  12 hell knights
  7 iron trolls
  2 skeletal warriors (D:15)
  3 wretched stars (Abyss:2)
  14 deep elf knights
  6 sixfirhies
  7 pharaoh ants
  2 sun moths
  3 shadow wraiths
  2 salamander mystics (Depths:1)
  A goliath frog (Swamp:1)
  4 spriggan druids
  A bunyip zombie (Hell)
  61 deep trolls
  8 glowing orange brains
  An anaconda zombie (Hell)
  6 orb spiders
  A golden dragon zombie (Depths:1)
  An orange crystal statue (Elf:3)
  7 bog bodies
  10 necromancers
  An anaconda skeleton (Hell)
  17 deep elf archers
  7 steelbarb worms
  7 swamp dragons (Swamp:4)
  A shadow demon (WizLab)
  11 orc knights
  10 lindwurms
  3 phantasmal warriors
  5 wizards
  37 deep elf zephyrmancers
  3 harpies (Vaults:2)
  33 deep elf pyromancers
  14 ironbound convokers
  A fire giant zombie (Depths:1)
  4 cyclopes
  7 manticores
  2 oklob plants (Lair:5)
  5 orc sorcerers
  4 moths of wrath
  8 shining eyes
  21 wolf spiders
  17 ugly things
  5 will-o-the-wisps
  A stone giant zombie (D:15)
  7 salamanders (Depths:1)
  24 elephants
  4 worldbinders (Abyss:2)
  16 vault sentinels
  4 black mambas
  A draconian skeleton (Hell)
  A guardian serpent (Abyss:2)
  2 ice statues (Hell)
  4 torpor snails
  A guardian serpent (shapeshifter) (D:15)
  6 cane toads
  A titan simulacrum (Depths:1)
  Maggie (D:7)
  3 molten gargoyles
  22 smoke demons
  5 eyes of devastation
  12 rust devils
  10 demonic crawlers
  7 orange demons
  5 unseen horrors
  A centaur skeleton (Abyss:2)
  2 sea snake zombies (Hell)
  2 efreet
  3 hellions
  An anaconda simulacrum (Hell)
  3 freezing wraiths
  3 kobold demonologists
  28 yaktaurs
  2 tormentors
  An unseen horror (shapeshifter) (Abyss:2)
  2 human skeletons (Vaults:1)
  6 ice devils
  7 komodo dragons
  7 ancient zymes
  2 tengu conjurers
  3 trolls
  4 hellwings
  A hydra zombie (Hell)
  2 red devils
  A bloated husk (Swamp:4)
  6 meliai
  A polar bear (Lair:4)
  Prince Ribbit (D:7)
  An alligator zombie (Hell)
  28 tarantellas
  8 tyrant leeches
  16 raiju (Abyss:2)
  27 blink frogs
  A stone giant simulacrum (Depths:1)
  25 hornets
  32 jumping spiders
  121 slime creatures
  A culicivora (shapeshifter) (D:13)
  2 shadows
  13 large abominations
  19 spriggans
  6 wraiths
  6 wyverns
  5 ynoxinuls
  27 culicivoras
  4 air elementals
  4 water elementals
  19 starcursed masses (Abyss:2)
  40 yaks
  7 fire elementals
  17 humans
  14 basilisks
  An elf zombie (Vaults:1)
  An ettin skeleton (D:15)
  A fire bat (Abyss:2)
  20 small abominations
  8 golden eyes
  7 chaos spawn
  54 redbacks
  3 steam dragons
  4 neqoxecs
  2 sea snake simulacra (Hell)
  13 vampire mosquitoes
  A glowing shapeshifter zombie (D:15)
  2 acid dragons
  A warg (D:12)
  16 swamp worms
  A warg (shapeshifter) (Depths:3)
  A human simulacrum (Vaults:1)
  5 hell hounds
  2 floating eyes
  A floating eye (shapeshifter) (Lair:5)
  13 water moccasins
  27 orc warriors
  3 sky beasts
  12 swamp drakes
  3 black bears
  4 boggarts
  6 ogres
  9 wolves
  4 centaurs
  7 kobold brigands
  A phantom (D:3)
  Blork the orc (D:6)
  11 bullfrogs
  2 scorpions
  3 earth elementals
  7 wights
  4 killer bees (Lair:2)
  3 howler monkeys
  5 electric eels
  8 hounds
  A jelly (D:6)
  Crazy Yiuf (D:4)
  19 orc priests
  2 iron imps (Abyss:2)
  An iguana (shapeshifter) (D:13)
  30 orc wizards
  10 adders
  A shadow imp (D:6)
  3 white imps
  6 ufetubi
  4 worms (D:2)
  5 dart slugs
  110 orcs
  8 ball pythons
  6 endoplasms
  3 giant cockroaches
  7 hobgoblins
  12 jackals
  19 kobolds
  3 quokkas
  5 bats
  13 frilled lizards
  6 goblins
  8 rats
  2 briar patches (Swamp:4)
  A fire vortex (Geh:2)
  3 lurking horrors (Abyss:2)
  A starspawn tentacle (Abyss:2)
2153 creatures vanquished.

Vanquished Creatures (collateral kills)
  A titan (Depths:3)
  A tengu reaver (Depths:3)
  A vault warden (Vaults:4)
  Erolcha (D:9)
  A dancing weapon (Elf:2)
  A spriggan berserker (Swamp:2)
  A sun demon (Hell)
  An iron troll (Depths:3)
  A flayed ghost (Depths:3)
  A smoke demon (Hell)
  A vampire (D:9)
  A neqoxec (WizLab)
12 creatures vanquished.

Vanquished Creatures (others)
  An ice dragon (Hell)
  A deep elf knight (Orc:2)
  A spriggan druid (Swamp:1)
  A deep elf zephyrmancer (Elf:2)
  A will-o-the-wisp (Swamp:2)
  An apocalypse crab (Abyss:2)
  A tengu conjurer (D:14)
  2 bloated husks
  A bush (Lair:3)
  A fire vortex (Geh:2)
  10 foxfires
  38 fungi
  A lurking horror (Abyss:2)
  70 plants
  29 starspawn tentacles (Abyss:2)
  5 withered plants (D:15)
164 creatures vanquished.

Grand Total: 2329 creatures vanquished

Notes
Turn   | Place    | Note
-------+----------+-------------------------------------------
     0 | D:5      | drugrobin the Demigod Delver began the quest for the Orb.
     0 | D:5      | Reached XP level 1. HP: 18/18 MP: 3/3
    49 | D:5      | Noticed a black bear
    69 | D:5      | Found a staircase to the Ecumenical Temple.
   257 | D:5      | Noticed an ogre
   274 | D:5      | Noticed a hound
   277 | D:5      | Noticed a hound
   281 | D:4      | Noticed an orc wizard
   395 | D:3      | Reached XP level 2. HP: 24/25 MP: 4/4
   438 | D:3      | Identified the ring "Maacoq" {Drain rElec rPois rC- rCorr
                  | Str+4}
   523 | D:3      | Noticed a phantom
   555 | D:3      | Found Vuizymp's Antique Armour Emporium.
   686 | D:3      | Found a glowing drain.
   693 | Sewer    | Entered a sewer
   734 | Sewer    | Reached XP level 3. HP: 24/30 MP: 5/5
   872 | Sewer    | Reached skill level 2 in Dodging
  1121 | D:3      | Killed a phantom
  1122 | D:3      | Reached XP level 4. HP: 27/37 MP: 6/6
  1272 | D:2      | Reached skill level 3 in Dodging
  1272 | D:2      | Reached XP level 5. HP: 41/44 MP: 7/7
  1678 | D:1      | Found Soniej's One-of-a-Kind Rings.
  2852 | D:2      | Identified the +7 chain mail of the Lachrymose God {Will+
                  | Int+3}
  2920 | D:2      | Learned a level 2 spell: Blink
  3527 | D:4      | Found a runed translucent door.
  3528 | D:4      | Noticed Crazy Yiuf
  3700 | D:4      | Noticed a black bear
  3711 | D:4      | Killed a black bear
  3712 | D:4      | Reached skill level 4 in Dodging
  3712 | D:4      | Reached XP level 6. HP: 50/50 MP: 8/8
  3755 | D:4      | Reached skill level 5 in Long Blades
  3949 | D:4      | Reached skill level 5 in Dodging
  4065 | D:4      | Reached XP level 7. HP: 42/56 MP: 9/9
  4435 | D:4      | Killed Crazy Yiuf
  4445 | D:4      | Identified the +6 hammer of Execution {pain, Int+4}
  4555 | D:4      | Reached skill level 6 in Dodging
  4784 | D:5      | Found Atuac's Book Shop.
  4965 | D:5      | Reached skill level 1 in Evocations
  5078 | D:6      | Noticed Blork the orc
  5083 | D:6      | Reached XP level 8. HP: 58/62 MP: 10/10
  5242 | D:6      | Reached skill level 7 in Dodging
  5249 | D:6      | Killed Blork the orc
  5403 | D:6      | Identified the +6 dagger of Engeics {drain, *Slow rN+
                  | Int+3}
  6139 | D:7      | Reached skill level 8 in Dodging
  6283 | D:8      | Reached XP level 9. HP: 36/68 MP: 11/11
  6384 | D:7      | Found a flagged portal.
  6394 | Bailey   | Entered a bailey
  6937 | Bailey   | Reached skill level 9 in Dodging
  7159 | Bailey   | Noticed an orc knight
  7233 | Bailey   | Killed an orc knight
  7273 | Bailey   | Noticed an orc knight
  7337 | Bailey   | Killed an orc knight
  7338 | Bailey   | Reached skill level 10 in Dodging
  7667 | D:7      | Noticed Maggie
  7673 | D:7      | Killed Maggie
  7825 | D:7      | Reached XP level 10. HP: 64/75 MP: 13/13
  7998 | D:7      | Noticed Prince Ribbit
  8035 | D:7      | Killed Prince Ribbit
  8775 | D:8      | Reached skill level 11 in Dodging
  8785 | D:8      | Found a staircase to the Lair.
  9843 | D:9      | Identified the +0 dagger of Purpose {speed, rElec rPois
                  | Will++ Str-5}
  9856 | D:9      | Noticed Erolcha
  9862 | D:9      | Killed Erolcha
  9863 | D:9      | Reached skill level 12 in Dodging
 10263 | D:9      | Noticed a two-headed ogre
 10283 | D:9      | Killed a two-headed ogre
 10284 | D:9      | Reached skill level 10 in Long Blades
 10460 | D:10     | Entered Level 10 of the Dungeon
 10468 | D:10     | Reached XP level 11. HP: 81/81 MP: 14/14
 10812 | D:10     | Identified the +0 scale mail of Bieppar {Str+3}
 12105 | D:11     | Noticed a vault guard
 12141 | D:11     | Killed a vault guard
 12289 | D:11     | Found a portal to a secret trove of treasure.
 12473 | Lair:1   | Entered Level 1 of the Lair of Beasts
 13756 | Lair:2   | Noticed Gastronok
 13802 | Lair:2   | Killed Gastronok
 13992 | Lair:2   | Reached XP level 12. HP: 81/88 MP: 15/15
 14068 | Lair:2   | Noticed a four-headed hydra
 14091 | Lair:2   | Killed a four-headed hydra
 14092 | Lair:2   | Reached skill level 1 in Armour
 14584 | Lair:2   | Found a hole to the Spider Nest.
 15199 | Lair:2   | Found a staircase to the Swamp.
 15208 | Lair:2   | Reached skill level 5 in Fighting
 15578 | Lair:3   | Found a runed translucent gate.
 15578 | Lair:3   | Found a runed translucent gate.
 15578 | Lair:3   | Found a runed translucent gate.
 15580 | Lair:3   | Noticed Zuegunnahai's ghost (journeyman AtFi)
 15907 | Lair:3   | Reached skill level 13 in Dodging
 16008 | Lair:3   | Identified the +2 robe of Gozag's Inspiration {rC+ Str+3
                  | Int+2}
 17293 | Lair:5   | Entered Level 5 of the Lair of Beasts
 17295 | Lair:5   | Noticed an eight-headed hydra
 17320 | Lair:4   | Killed an eight-headed hydra
 17321 | Lair:4   | Reached XP level 13. HP: 56/105 MP: 16/16
 17473 | Lair:5   | HP: 3/105 [blink frog (10)]
 17559 | Lair:5   | Reached skill level 14 in Dodging
 18395 | Lair:5   | Noticed Urug
 18423 | Lair:5   | Killed Urug
 18519 | Lair:5   | Found a staircase to the Slime Pits.
 19191 | D:12     | Found a staircase to the Orcish Mines.
 19199 | Orc:1    | Entered Level 1 of the Orcish Mines
 19312 | Orc:1    | Noticed Nergalle
 19335 | Orc:1    | Killed Nergalle
 19684 | Orc:1    | You fall into a shaft and drop 1 floor!
 19684 | Orc:2    | Entered Level 2 of the Orcish Mines
 19736 | Orc:2    | Found a flickering gateway to a bazaar.
 19746 | Bazaar   | Entered a bazaar
 19747 | Bazaar   | Found Hote's Jewellery Emporium.
 19747 | Bazaar   | Found Keyng's Assorted Antiques.
 19748 | Bazaar   | Found Quikeush's Distillery.
 19778 | Bazaar   | Found Uptad's Book Shop.
 19797 | Bazaar   | Bought a scroll of identify for 56 gold pieces
 19797 | Bazaar   | Bought a potion of lignification for 84 gold pieces
 19797 | Bazaar   | Bought a pair of masterwork gloves for 266 gold pieces
 19797 | Bazaar   | Identified the +0 pair of gloves of Beogh's Reproof {Regen+
                  | Str+7 Int-2 Stlth+} (You bought it in a shop in a bazaar)
 19797 | Bazaar   | Bought a glowing cloak for 210 gold pieces
 19832 | Bazaar   | Bought a potion of berserk rage for 55 gold pieces
 19832 | Bazaar   | Bought a potion of curing for 33 gold pieces
 19832 | Bazaar   | Bought a potion of heal wounds for 55 gold pieces
 19832 | Bazaar   | Bought a potion of haste for 110 gold pieces
 19832 | Bazaar   | Bought a potion of curing for 33 gold pieces
 19832 | Bazaar   | Bought a potion of ambrosia for 88 gold pieces
 20271 | Orc:2    | Found a staircase to the Elven Halls.
 20780 | Orc:2    | Reached skill level 10 in Fighting
 20802 | Orc:2    | Reached skill level 15 in Dodging
 21181 | Orc:2    | Found Kohuopn's Magic Scroll Emporium.
 21181 | Orc:2    | Found Sor Vus's Book Emporium.
 21182 | Orc:2    | Found Enusischa's Assorted Antiques.
 21182 | Orc:2    | Found Xaposs's Antique Weapon Boutique.
 21200 | Orc:2    | Bought a scroll of identify for 58 gold pieces
 21202 | Orc:2    | Bought a scroll of acquirement for 832 gold pieces
 21202 | Orc:2    | Acquired the +7 demon blade "Conservator" {flame, rF+}
 21374 | D:12     | Reached XP level 14. HP: 122/122 MP: 17/17
 21478 | D:12     | Identified the ring "Biudemol" {rF+ Dex+4 SInv}
 22028 | D:13     | Identified the +10 sling of Firphaho {elec, Int+9 Dex-3}
 22539 | D:14     | Noticed Rupert
 22553 | D:14     | Killed Rupert
 22805 | D:14     | Reached skill level 5 in Armour
 23064 | D:14     | Identified the +1 ring mail of Veveynto {+Inv Regen+ Str-2
                  | Dex+2}
 23068 | D:14     | Found a gate to the Vaults.
 23127 | D:14     | Reached skill level 1 in Shields
 23361 | D:14     | Reached skill level 16 in Dodging
 23769 | D:15     | Entered Level 15 of the Dungeon
 23842 | D:15     | Found a staircase to the Depths.
 23843 | D:15     | Found a runed translucent door.
 23917 | D:15     | Noticed sirJeffrey23's ghost (journeyman TrMo)
 23981 | D:15     | Noticed Jorgrun
 24049 | D:15     | Noticed Azrael
 24063 | D:14     | Killed Jorgrun
 24773 | Lair:5   | Reached XP level 15. HP: 129/132 MP: 18/18
 24834 | Lair:5   | Found a one-way gate to the infinite horrors of the Abyss.
 25151 | Swamp:1  | Entered Level 1 of the Swamp
 25187 | Swamp:1  | Noticed drugrobin's ghost (journeyman DgDe)
 25206 | Swamp:1  | Found a transporter.
 25214 | Swamp:1  | Found a transporter.
 25275 | Swamp:1  | Reached skill level 1 in Spellcasting
 25919 | Swamp:1  | Reached skill level 5 in Shields
 26090 | Swamp:1  | Noticed a tentacled monstrosity
 26927 | Swamp:4  | Entered Level 4 of the Swamp
 26934 | Swamp:4  | Reached skill level 17 in Dodging
 26982 | Swamp:3  | Learned a level 1 spell: Apportation
 28143 | Swamp:4  | Reached skill level 10 in Armour
 28349 | Swamp:4  | Reached XP level 16. HP: 139/139 MP: 22/22
 28702 | Swamp:4  | Reached skill level 18 in Dodging
 29377 | Swamp:4  | Paralysed by a hornet for 1 turns
 29870 | Swamp:4  | Got a decaying rune of Zot
 29927 | Swamp:4  | Identified the +8 battleaxe of Rihorap {drain, rC+ Str+4}
 30168 | Spider:1 | Entered Level 1 of the Spider Nest
 30674 | Spider:1 | Found a runed translucent door.
 30674 | Spider:1 | Noticed Zicym's ghost (adept MeFi)
 30868 | Spider:1 | Identified the +2 robe of Hospitality {Will- rCorr Str+6}
 31237 | Spider:2 | Found a transporter.
 31408 | Spider:1 | Reached skill level 19 in Dodging
 31643 | Spider:2 | Found a transporter.
 32479 | Spider:3 | Noticed Agnes
 32495 | Spider:3 | Killed Agnes
 32504 | Spider:3 | HP: 7/146 [poisoned by an emperor scorpion]
 32509 | Spider:3 | HP: 4/146 [poisoned by an emperor scorpion]
 32514 | Spider:3 | HP: 6/146 [poisoned by an emperor scorpion]
 32813 | Spider:3 | Reached XP level 17. HP: 152/152 MP: 24/24
 34098 | Spider:4 | Entered Level 4 of the Spider Nest
 34301 | Spider:4 | Found a transporter.
 34343 | Spider:4 | Noticed Pesouf's ghost (adept MfHs)
 34749 | Spider:4 | Reached skill level 15 in Fighting
 34869 | Spider:4 | Reached skill level 20 in Dodging
 34913 | Spider:4 | Noticed Asterion
 35008 | Spider:4 | Found a transporter.
 35372 | Spider:4 | Got a gossamer rune of Zot
 35752 | Elf:1    | Entered Level 1 of the Elven Halls
 36456 | Elf:1    | Reached skill level 5 in Evocations
 36888 | Elf:1    | Got Canyi's Secrets of Allies
 37041 | Abyss:2  | Cast into level 2 of the Abyss (+3 trident of distortion)
 37315 | Abyss:2  | Reached XP level 18. HP: 133/166 MP: 25/25
 37706 | Elf:2    | Escaped the Abyss
 38186 | Elf:2    | Found Mucoebiy's Distillery.
 38240 | Elf:2    | Bought a potion of heal wounds for 70 gold pieces
 38240 | Elf:2    | Bought a potion of curing for 42 gold pieces
 38240 | Elf:2    | Bought a potion of curing for 42 gold pieces
 38240 | Elf:2    | Bought a potion of curing for 42 gold pieces
 38293 | Elf:2    | Paralysed by an air elemental for 1 turns
 38434 | Elf:2    | Found a runed translucent gate.
 38435 | Elf:2    | Found a runed translucent gate.
 38435 | Elf:2    | Found a runed translucent gate.
 38968 | Elf:2    | Noticed Aizul
 38981 | Elf:2    | Killed Aizul
 39322 | Elf:3    | Entered Level 3 of the Elven Halls
 39322 | Elf:3    | Found Pyoqateh's Book Shoppe.
 39825 | Elf:3    | Found Difo's Magic Scroll Shop.
 39828 | Elf:3    | Found Orofidgh's Magic Scroll Boutique.
 39832 | Elf:3    | Bought a scroll of teleportation for 51 gold pieces
 39832 | Elf:3    | Bought a scroll of fog for 68 gold pieces
 39838 | Elf:3    | Bought a scroll of teleportation for 51 gold pieces
 39838 | Elf:3    | Bought a scroll of teleportation for 51 gold pieces
 39917 | Elf:3    | Reached skill level 21 in Dodging
 40015 | Elf:3    | Identified the ring of Moderation {rCorr Int+6 Dex+4
                  | Stlth-}
 40214 | Elf:3    | Identified the +4 ring mail of Happy Babbling {rF+ Int+2
                  | Slay+2}
 40268 | Elf:3    | Identified the +6 rapier "Veklem" {flame, rF+ Int+2}
 40578 | Elf:3    | Identified the +9 quarterstaff of the Chain {heavy, rElec
                  | Will+}
 40684 | Elf:3    | Identified the +4 scale mail "Laufenla" {rN++ MP+9 Int+4}
 40732 | Elf:3    | Reached XP level 19. HP: 164/174 MP: 29/29
 40883 | Elf:3    | Identified the +1 ring mail of the Muttering Gods {Slay+4}
 40939 | Elf:3    | Got the Almanac of Stormy Teratogeny
 41010 | Elf:3    | Got the Omnibus of Terrestrial Changing
 41013 | Elf:3    | Got Sif Muna's Codex of Ashes
 41017 | Elf:3    | Learned a level 2 spell: Wereblood
 41131 | Orc:2    | Learned a level 3 spell: Mephitic Cloud
 41261 | Vaults:1 | Entered Level 1 of the Vaults
 41261 | Vaults:1 | Found Ruywkeisk's Weapon Boutique.
 41261 | Vaults:1 | Found Juxask's Antique Armour Shop.
 42111 | Vaults:1 | Found Tylasch's Distillery.
 42218 | Vaults:1 | Found Idio's Book Shop.
 42321 | Vaults:1 | Identified the amulet of Reschofe {RegenMP +Blink rPois
                  | Str+4 Dex-2}
 42394 | Vaults:1 | Identified the ring "Zairekueg" {Fire Will- Str+5 Dex+6}
 43424 | Vaults:2 | Reached skill level 22 in Dodging
 43717 | Vaults:2 | Got the Omnibus of Austromancy and Pyromania
 44005 | Vaults:2 | Found a staircase to the Crypt.
 44526 | Vaults:2 | Identified the +11 great sword of the Globe {flame, Int+4}
 44863 | Vaults:3 | Reached skill level 23 in Dodging
 45113 | Vaults:3 | Reached XP level 20. HP: 176/187 MP: 30/30
 45639 | Vaults:4 | Found a magical portal.
 45656 | WizLab   | Entered The Hall of the Hellbinder
 45819 | WizLab   | Gained mutation: Potions are less effective at restoring
                  | your health. [a cacodemon]
 45833 | WizLab   | Gained mutation: You are weak. (Str -2) [a cacodemon]
 46046 | WizLab   | Noticed Huaben
 46071 | WizLab   | Killed Huaben the Hellbinder
 46089 | WizLab   | Gained mutation: You are vulnerable to cold. (rC-) [a
                  | neqoxec]
 46275 | WizLab   | Identified the ring "Cafop" {rElec rC+ rN+ Will+ Str-5
                  | Int+3}
 46283 | WizLab   | Got Sif Muna's Precepts of the Throng
 46307 | WizLab   | Identified the +7 battleaxe "Yhey" {speed, Will- Str+8
                  | Dex+4}
 46310 | WizLab   | Identified the amulet "Remy" {Regen+ Str+3 Int+4}
 46809 | Vaults:3 | Reached skill level 5 in Spellcasting
 46842 | Vaults:3 | Reached skill level 24 in Dodging
 46942 | Vaults:3 | Noticed Jory
 47291 | Vaults:3 | Killed Jory
 47783 | Vaults:4 | Found Calozi's Weapon Emporium.
 48890 | D:15     | Noticed Nessos
 48906 | D:15     | Killed Nessos
 48994 | D:15     | Noticed Josephine
 48999 | D:15     | Killed Josephine
 49069 | D:15     | Killed Azrael
 49333 | D:15     | Killed sirJeffrey23's ghost
 49340 | D:15     | Identified the +2 quarterstaff "Dyrghies" {protect, rC+
                  | Str+2 Int-3 SInv}
 49343 | D:15     | Learned a level 1 spell: Summon Small Mammal
 49346 | D:15     | Learned a level 2 spell: Call Imp
 49361 | Depths:1 | Entered Level 1 of the Depths
 49491 | Depths:1 | Lost mutation: Potions are less effective at restoring your
                  | health. [potion of mutation]
 49491 | Depths:1 | Lost mutation: You are vulnerable to cold. (rC-) [potion of
                  | mutation]
 49491 | Depths:1 | Gained mutation: Your movements are slightly less
                  | encumbered by armour. (ER -2) [potion of mutation]
 49491 | Depths:1 | Lost mutation: You are weak. (Str -2) [potion of mutation]
 49491 | Depths:1 | Gained mutation: You have a pair of small antennae on your
                  | head. [potion of mutation]
 49600 | Depths:1 | Found a gateway to Hell.
 49905 | Depths:1 | Reached XP level 21. HP: 181/194 MP: 38/38
 49916 | Depths:1 | Learned a level 3 spell: Call Canine Familiar
 49977 | Depths:1 | Acquired 800 gold pieces
 50490 | Depths:1 | Reached skill level 25 in Dodging
 50971 | Depths:2 | You are sucked into a shaft and drop 2 floors!
 50971 | Depths:4 | Entered Level 4 of the Depths
 51242 | Depths:4 | Noticed a caustic shrike
 51242 | Depths:4 | Noticed a caustic shrike
 51242 | Depths:4 | Noticed a caustic shrike
 51254 | Depths:4 | Killed a caustic shrike
 51270 | Depths:4 | Killed a caustic shrike
 51274 | Depths:4 | Noticed a caustic shrike
 51277 | Depths:4 | Noticed a caustic shrike
 51282 | Depths:4 | Noticed a caustic shrike
 51291 | Depths:4 | Killed a caustic shrike
 51291 | Depths:4 | Noticed a caustic shrike
 51303 | Depths:4 | Killed a caustic shrike
 51305 | Depths:4 | Noticed a caustic shrike
 51316 | Depths:4 | Killed a caustic shrike
 51326 | Depths:4 | Killed a caustic shrike
 51334 | Depths:4 | Killed a caustic shrike
 51339 | Depths:4 | Killed a caustic shrike
 51452 | Depths:4 | Reached skill level 26 in Dodging
 51539 | Depths:4 | Found a runed translucent door.
 51539 | Depths:4 | Noticed experimilk's ghost (veteran DrCj)
 51545 | Depths:4 | Noticed a golden dragon
 51565 | Depths:4 | Killed a golden dragon
 51656 | Depths:4 | Found a gate to the Realm of Zot.
 51950 | Depths:2 | Found a one-way gate leading to the halls of Pandemonium.
 52106 | Depths:2 | Acquired the ring of Jezadghig {rPois rCorr Slay+2}
 52733 | Depths:2 | Noticed a juggernaut
 52773 | Depths:1 | Upgraded the game from 0.30-a0-585-g93115170b9 to
                  | 0.30-a0-586-g23e55c9e0a
 52810 | Depths:1 | Killed a juggernaut
 53099 | Depths:2 | Got the Lectures on Elliptic Imprecation
 53102 | Depths:2 | Identified the +6 scimitar "Fenuitri" {freeze, Will++
                  | Dex-5}
 53832 | Depths:3 | Reached XP level 22. HP: 191/199 MP: 39/39
 53853 | Depths:3 | Noticed a juggernaut
 53864 | Depths:3 | Killed a juggernaut
 54014 | Depths:3 | Identified the amulet "Jydep" {Acrobat rN+ Str+4}
 54076 | Depths:3 | Identified the ring "Zupieted" {rPois rCorr MP+9}
 54094 | Depths:3 | Identified the ring "Acetipul" {rF+ MP+9 Str+4 Int+4}
 54208 | Depths:3 | Identified the ring of Waggeig {Fire Fly rElec rPois}
 54917 | Hell     | Entered the Vestibule of Hell
 54917 | Hell     | Noticed Geryon
 55289 | Depths:4 | Paralysed by a floating eye for 2 turns
 55443 | Depths:4 | Found a one-way gateway to a ziggurat.
 55717 | Depths:4 | Voluntarily entered the Abyss.
 56047 | Depths:4 | Escaped the Abyss
 56191 | Depths:4 | Voluntarily entered the Abyss.
 56817 | Abyss:2  | Learned a level 3 spell: Kindle Blastsparks
 56945 | Depths:4 | Escaped the Abyss
 57259 | Slime:1  | Entered Level 1 of the Pits of Slime
 57318 | Slime:1  | Gained mutation: You sometimes lose your temper in combat.
                  | [a shining eye]
 58204 | Slime:2  | Gained mutation: You occasionally lose the ability to read
                  | scrolls when taking damage. [a shining eye]
 58208 | Slime:2  | Gained mutation: Your body sometimes deteriorates upon
                  | taking damage. [a shining eye]
 58399 | Slime:5  | Entered Level 5 of the Pits of Slime
 59180 | Slime:5  | Gained mutation: Armour fits poorly on your strangely
                  | shaped body. [a shining eye]
 59288 | Slime:5  | Noticed the Royal Jelly
 60053 | Elf:3    | Bought a scroll of vulnerability for 68 gold pieces
 60053 | Elf:3    | Bought a scroll of torment for 161 gold pieces
 60539 | Slime:5  | Killed the Royal Jelly
 60651 | Slime:5  | Identified the +5 double sword of the Endless March
                  | {antimagic, rF+ rC+}
 60683 | Slime:5  | Got a slimy rune of Zot
 60749 | Slime:5  | Identified the amulet of Duschusu {Acrobat rF+ Dex+2}
 60787 | Slime:5  | Identified the amulet "Tuustrec" {Reflect rC- rN+ Will+
                  | SH+5}
 60796 | Slime:5  | Got Taje's Guide on the Searing Syncline
 60803 | Slime:5  | Identified the ring of Kethry {rC+ rCorr Str+4}
 61553 | Depths:1 | Voluntarily entered the Abyss.
 61803 | Abyss:2  | Reached XP level 23. HP: 212/225 MP: 40/40
 62075 | Depths:1 | Escaped the Abyss
 62143 | Hell     | Killed Geryon
 62161 | Depths:1 | Reached skill level 15 in Long Blades
 62268 | Hell     | Found a gateway to the ashen valley of Gehenna.
 62587 | Hell     | Found a gateway to the decaying netherworld of Tartarus.
 62829 | Hell     | Found a gateway to the freezing wastes of Cocytus.
 62930 | Geh:1    | Entered Level 1 of Gehenna
 62930 | Geh:1    | You are sucked into a shaft and drop 1 floor!
 63018 | Geh:2    | Killed from afar by a hellion

Illustrated notes

Levels and vault maps discovered:
D:1:      dpeg_arrival_tiny_i, layout_basic, hellmonk_ecumenical_altar_blasted,
          nicolae_shop_unique_rings, minmay_misc_feat_x,
          hangedman_decor_riveting, nicolae_figureground_pulse
D:2:      layout_loops_ring
D:3:      layout_basic, serial_shops, nicolae_shop_hallway_stairs,
          portal_sewer_entry_d
D:4:      layout_loops_ring, serial_glass, glass_columns_a, glass_columns_a,
          glass_columns_a, glass_columns_a, due_unseen_surprise,
          chequers_decorated_corner, guppyfry_early_orc_mine,
          uniq_crazy_yiuf_cottage
D:5:      layout_basic, xom_butterflies, minmay_temple_entry_statues_fountains,
          serial_shops, nicolae_inconvenience_store
D:6:      layout_rooms, mainiacjoe_overflow_six_doors_small, minmay_checkerbox,
          uniq_blork_the_orc
D:7:      layout_layer_cave, enter_bailey_4, minivault_25, uniq_prince_ribbit1,
          uniq_maggie
D:8:      nicolae_whirlpool, layout_loops_ring, david_lair_shrubbed,
          amcnicky_mini_corridor_feature
D:9:      layout_roguey, hangedman_decor_slide_cut, chequers_big_river,
          hangedman_glass_teeth, uniq_erolcha
D:10:     layout_rooms, grunt_qazlal_clouds
D:11:     layout_loops_cross, enter_trove_5
D:12:     layout_grid_maze, erik_orc_4
D:13:     layout_roguey
D:14:     layout_loops_ring, grunt_vaults_entry_tiered, fedhas_altar_4,
          palyth_stone_intersect, lemuel_nasty_fountain, uniq_rupert
D:15:     gammafunk_depths_entry_grave, layout_rooms, gammafunk_ghost_grave,
          serial_park_avenue1, tgw_xom, uniq_nessos, uniq_azrael,
          uniq_josephine, uniq_jorgrun
Lair:1:   layout_cave_pods
Lair:2:   layout_long_grid, minmay_swamp_entry_worms,
          hellmonk_spider_entry_not_the_bees, serial_bayou_shore_a,
          uniq_gastronok
Lair:3:   layout_gridlike, gammafunk_ghost_ooze
Lair:4:   layout_regular_city, grunt_megastairs_1
Lair:5:   hellmonk_lair_end_abyssal_woods, layout_gridlike,
          minmay_slime_entry_oklob_open, uniq_urug
Swamp:1:  cheibrodos_swamp_monstrosity, layout_falls_marsh,
          gammafunk_ghost_wrathful_warriors, evilmike_swamp_ruin_house_5,
          swamp_pool2, hangedman_swamp_cone, hangedman_swamp_grove,
          infiniplex_staircase_pool
Swamp:2:  layout_falls_marsh, evilmike_swamp_ruin_house_1
Swamp:3:  layout_basic_swamp, nicolae_swamp_round_clearing,
          grunt_lady_of_the_lake
Swamp:4:  swamp_basic_johnstein, layout_basic_swamp,
          nicolae_swamp_very_dense_foliage
Spider:1: layout_spider_delve, gammafunk_ghost_grave, hellmonk_motheaten_closet
Spider:2: gammafunk_boulding_lane
Spider:3: nicolae_spider_hilbert_zone_2 [nicolae_spider_hilbert_4_sides_1_open,
          nicolae_spider_hilbert_4_sides_1_open,
          nicolae_spider_hilbert_4_sides_1_open,
          nicolae_spider_hilbert_4_sides_1_open,
          nicolae_spider_hilbert_6_sides_1_open,
          nicolae_spider_hilbert_6_sides_1_open,
          nicolae_spider_hilbert_3_sides_1_open,
          nicolae_spider_hilbert_3_sides_1_open,
          nicolae_spider_hilbert_3_sides_1_open,
          nicolae_spider_hilbert_3_sides_1_open,
          nicolae_spider_hilbert_6_sides_1_open,
          nicolae_spider_hilbert_6_sides_1_open,
          nicolae_spider_hilbert_6_sides_1_open,
          nicolae_spider_hilbert_6_sides_1_open], nicolae_spider_bug_shape,
          uniq_agnes
Spider:4: hellmonk_spider_rune_endless_swarm, gammafunk_ghost_berserking_beasts,
          nicolae_spider_paper_wasps, uniq_asterion
Slime:1:  layout_caves
Slime:2:  layout_caves, nicolae_slime_crime_time
Slime:3:  layout_caves, nicolae_slime_rock_hall_of_fame
Slime:4:  layout_caves
Slime:5
Orc:1:    layout_caves, uniq_nergalle
Orc:2:    st_orc_elflike, layout_diamond_mine, serial_shops, bzr_entry_water
Elf:1:    minmay_elf_arrival_circle, layout_geoelf_grid, basic_altar,
          minmay_elf_demonology
Elf:2:    nicolae_elf_blades_splatter_lattice [nicolae_blade_tridents],
          layout_gridlike, serial_shops, nicolae_shop_crystal, minivault_28,
          uniq_aizul
Elf:3:    grunt_elf_hall_branching, layout_geoelf_diagonals, serial_shops, shop,
          nicolae_shop_stone, shop, minmay_misc_feat_alley, minivault_16
Vaults:1: ontoclasm_vaults_spin, vaults_mumra_lcd,
          nicolae_vaults_network_barrier, nicolae_vaults_little_squares_3,
          nicolae_vaults_good_morning_starshine, vaults_room_fancy_cross,
          nicolae_vaults_little_squares_5, hangedman_vaults_cutoff, v_misc_17,
          hangedman_vaults_maws, v_misc_3, nicolae_vaults_asterisk,
          nicolae_vaults_ring_of_whatevers, layout_vaults_omnicross,
          serial_shops, shop, nicolae_shop_bloodbath_and_beyond, shop,
          nicolae_shop_crystal
Vaults:2: v_misc_2, v_alt_pattern_1, nicolae_vaults_windows_and_doors_thing,
          ontoclasm_vaults_eye, nicolae_vaults_network_star,
          ontoclasm_vaults_loading_screen, nicolae_vaults_little_squares_1,
          vaults_room_pools, blue_anna_dwarven_crypt, ontoclasm_vaults_fault,
          layout_vaults_omnigrid
Vaults:3: vaults_room_boxed, nicolae_vaults_triangles, v_alt_pattern_6,
          hangedman_vaults_cutoff, nicolae_vaults_mini_display_case,
          nicolae_vaults_network_quinsquares
          [nicolae_vaults_network_quincunx_subvault,
          nicolae_vaults_network_quincunx_subvault,
          nicolae_vaults_network_quincunx_subvault,
          nicolae_vaults_network_quincunx_subvault],
          nicolae_vaults_little_squares_2, hangedman_vaults_impose,
          layout_vaults_chaotic_city, uniq_jory
Vaults:4: infiniplex_enter_wizlab_glasses, v_pattern_5,
          vaults_standard_mumra_enter_the_diamond, ontoclasm_vaults_ring_square,
          vaults_room_ringed_pool, nicolae_vaults_big_ls,
          nicolae_vaults_inception_scallops, nicolae_vaults_network_square,
          hangedman_vaults_trim, nicolae_vaults_little_squares_2,
          nicolae_vaults_alarming, ontoclasm_vaults_loading_screen,
          layout_vaults_ring, serial_shops, shop_statue
Depths:1: layout_basic, grunt_hell_entry_dis_mu, abyss_entry,
          serial_bayou_pond_a, minmay_misc_feat_chi, minmay_misc_feat_tower,
          hangedman_decor_opposing
Depths:2: minmay_shrinking_squares, layout_gridlike, hellmouth_2,
          interstate_on_off, abyss_entry, grunt_pan_entry_in_and_out,
          infiniplex_staircase_spiral
Depths:3: minmay_the_grid_triangle_9x9_recursive_2_mashed
          [minmay_the_grid_triangle_9x9_prize_special,
          minmay_the_grid_triangle_9x9_zippers_vertical,
          minmay_the_grid_triangle_9x9_from_above,
          minmay_the_grid_triangle_9x9_longest], layout_long_grid, hell_entry,
          abyss_entry, minmay_hedge_maze, drop_trap,
          infiniplex_staircase_zigzag_1
Depths:4: grunt_zot_entry_funnels, layout_twisted_cross, enter_ziggurat_d,
          ebering_ghost_xom, pf_hell_entry_tar_spiral, abyss_entry,
          okawaru_trees_1, nicolae_ru_path_of_blood
Hell
Geh:1:    layout_gehenna_pools_triple
Geh:2:    layout_gehenna_pools_triple, nicolae_hells_hurtin_island

Skill      XL: |  1  2  3  4  5  6  7  8  9 10 11 12 13 14 15 16 17 18 19 20 21 22 23 |
---------------+----------------------------------------------------------------------+-----
Long Blades    | 2 3 4 5 6 7 8 10 13 14 16 | 16.5
Dodging        | 2 3 4 5 6 8 10 12 13 15 16 17 19 20 21 23 24 26 | 26.0
Evocations     | 1 3 4 5 8 |  8.0
Fighting       | 7 10 11 12 14 15 16 18 19 22 | 22.9
Armour         | 4 6 10 11 12 | 12.0
Shields        | 3 5 |  5.0
Spellcasting   | 2 4 8 |  8.0
Stealth        | |  4.5

Action                   |  1- 3 |  4- 6 |  7- 9 | 10-12 | 13-15 | 16-18 | 19-21 | 22-24 || total
-------------------------+-------+-------+-------+-------+-------+-------+-------+-------++-------
Melee: Falchion          |    20 |       |       |       |   200 |       |       |       ||   220
       Short sword       |    87 |   178 |   452 |   280 |    32 |       |       |       ||  1029
       Punch             |     1 |     1 |    12 |    16 |    17 |       |       |     9 ||    56
       Dagger            |       |       |    65 |   144 |    39 |   139 |       |       ||   387
       Long sword        |       |       |     4 |   704 |   466 |       |       |       ||  1174
       Demon blade       |       |       |       |       |   877 |  1853 |  2637 |  1418 ||  6785
       Scimitar          |       |       |       |       |       |       |     5 |       ||     5
       Double sword      |       |       |       |       |       |       |       |    37 ||    37
 Fire: Sling             |       |    17 |     9 |    31 |    27 |    18 |    11 |     2 ||   115
Throw: Javelin           |       |     6 |     1 |       |     4 |    12 |       |       ||    23
       Boomerang         |       |     4 |     6 |    20 |    23 |    44 |    27 |    18 ||   142
       Dart              |       |       |     6 |    34 |    13 |     8 |    15 |     2 ||    78
 Cast: Apportation       |       |       |       |       |     2 |     1 |     1 |       ||     4
       Wereblood         |       |       |       |       |       |       |     6 |     1 ||     7
       Mephitic Cloud    |       |       |       |       |       |       |     5 |       ||     5
       Blink             |       |       |       |       |       |       |     2 |     1 ||     3
       Summon Small Mamm |       |       |       |       |       |       |     3 |     3 ||     6
       Call Imp          |       |       |       |       |       |       |     2 |     2 ||     4
       Call Canine Famil |       |       |       |       |       |       |     1 |     3 ||     4
Evoke: Wand              |     1 |       |    20 |     8 |    33 |     6 |     9 |    25 ||   102
       Piece from Xom's  |       |       |    10 |    21 |    38 |    37 |     2 |       ||   108
       Box of beasts     |       |       |     1 |     1 |     2 |     1 |     3 |     1 ||     9
       Lightning rod     |       |       |       |       |       |     3 |    12 |     7 ||    22
       Phantom mirror    |       |       |       |       |       |       |     1 |     1 ||     2
       Phial of floods   |       |       |       |       |       |       |       |     2 ||     2
       Condenser vane    |       |       |       |       |       |       |       |     2 ||     2
       Horn of Geryon    |       |       |       |       |       |       |       |     1 ||     1
  Use: Scroll            |     2 |     3 |     8 |     7 |    10 |     4 |     7 |     5 ||    46
       Potion            |       |       |     3 |     1 |     2 |     1 |    11 |     2 ||    20
 Stab: Sleeping          |     4 |    10 |       |     1 |     5 |    14 |    16 |     2 ||    52
       Distracted        |       |     1 |       |       |     9 |     5 |     4 |     8 ||    27
       Confused          |       |       |     1 |       |     4 |     2 |     5 |       ||    12
       Petrified         |       |       |       |    15 |       |       |       |       ||    15
       Petrifying        |       |       |       |     2 |       |       |       |       ||     2
       Paralysed         |       |       |       |     1 |     4 |       |     4 |       ||     9
       Invisible         |       |       |       |       |       |       |     4 |       ||     4
Armor: Leather armour    |    45 |    17 |       |       |       |       |       |       ||    62
       Chain mail        |       |    50 |   261 |   416 |   428 |   406 |   339 |   236 ||  2136
       Ring mail         |       |       |       |       |       |     4 |    53 |       ||    57
       Skin              |       |       |       |       |       |       |       |    26 ||    26
       Ice dragon scales |       |       |       |       |       |       |       |     8 ||     8
Dodge: Dodged            |    67 |    65 |   301 |   688 |  1091 |  1814 |  2247 |  1634 ||  7907
Block: Buckler           |       |       |       |       |   207 |   694 |   780 |   311 ||  1992

Table legend: (Time is in decaauts)
 A = Elapsed time spent in this place.
 B = Non-inter-level travel time spent in this place.
 C = Inter-level travel time spent in this place.
 D = Time resting spent in this place.
 E = Time spent auto-exploring this place.
 F = Levels seen in this place.
 G = Mean time per level.
                   A        B        C        D        E       F      G
               +--------+--------+--------+--------+--------+-----+--------+
         Total |  60541 |  55504 |   5037 |   4475 |  27696 |  57 | 1062.1 |
       Dungeon |  15535 |  13763 |   1772 |    683 |   8448 |  15 | 1035.7 |
          Lair |   7317 |   6179 |   1138 |    490 |   3557 |   5 | 1463.4 |
         Swamp |   4967 |   4592 |    375 |    485 |   2143 |   4 | 1241.8 |
   Spider Nest |   5064 |   4847 |    217 |    431 |   2516 |   4 | 1266.0 |
    Slime Pits |   3039 |   2762 |    277 |    492 |   1006 |   5 |  607.8 |
  Orcish Mines |   2140 |   1847 |    293 |    202 |    883 |   2 | 1070.0 |
   Elven Halls |   4584 |   4300 |    284 |    463 |   1659 |   3 | 1528.0 |
        Vaults |   6398 |   6161 |    237 |    411 |   3603 |   4 | 1599.5 |
        Depths |   6342 |   5944 |    398 |    269 |   2696 |   4 | 1585.5 |
          Hell |    751 |    709 |     42 |     11 |    133 |   1 |  751.0 |
       Gehenna |     91 |     91 |      0 |     38 |      0 |   2 |   45.5 |
         Abyss |   2084 |   2084 |      0 |    198 |    379 |   4 |  521.0 |
        Bazaar |    115 |    115 |      0 |      0 |     35 |   1 |  115.0 |
         Sewer |    419 |    419 |      0 |      0 |    171 |   1 |  419.0 |
        Bailey |   1021 |   1021 |      0 |    214 |    305 |   1 | 1021.0 |
        Wizlab |    668 |    668 |      0 |     81 |    159 |   1 |  668.0 |
               +--------+--------+--------+--------+--------+-----+--------+

Top non-repeatable levels by time:
  Lair:2: 2153 daAuts
 Abyss:2: 2084 daAuts
Spider:3: 1839 daAuts
 Swamp:4: 1835 daAuts
  Lair:5: 1824 daAuts
Depths:3: 1802 daAuts
Vaults:3: 1799 daAuts
   Elf:3: 1775 daAuts
Vaults:2: 1714 daAuts
Depths:1: 1573 daAuts
    D:14: 1570 daAuts
Depths:4: 1549 daAuts
Vaults:1: 1526 daAuts
     D:8: 1516 daAuts
  Lair:1: 1508 daAuts
